AoeStats
← jcsoriano1

Arabia

509476504Analyzed
1v1 RM · 4d ago on Sep 26, 2026· 48m 37s· 2 players
Game mode
Random Map
Map size
Tiny (2 player)
Population
200
Speed
Normal
Resources
Standard
Victory
Conquest
Starting age
Dark Age
Ending age
Imperial Age
RankedLock teamsTeams togetherTeam positionsShared explorationLock speedFull tech treeHidden civsTurbo modeCheats
Victory
Defeat
🇨🇴 Byzantines · Colombia
955
+14
🇲🇽 Chinese · Mexico
906
-14
jcsoriano1
11:16 Feudal Age
9:34 Loom
11:48 Double-Bit Axe
15:54 Fletching
18:29 Padded Archer Armor
23:23 Castle Age
21:28 Horse Collar
22:50 Gold Mining
24:13 Bloodlines
24:42 Bow Saw
26:01 Heavy Plow
26:49 Forging
26:26 Elite Skirmisher
29:02 Crossbowman
29:40 Bodkin Arrow
33:13 Leather Archer Armor
33:34 Scale Barding Armor
35:36 Town Watch
36:01 Crossbowman
37:52 Ballistics
40:47 Squires
42:51 Wheelbarrow
42:31 Stone Mining
43:21 Gold Shaft Mining
44:32 Hand Cart
46:18 Thumb Ring
Ragnar379
3:42 Loom
10:22 Feudal Age
10:50 Double-Bit Axe
22:57 Castle Age
22:38 Horse Collar
23:11 Fletching
23:21 Padded Archer Armor
23:25 Gold Mining
24:18 Bow Saw
24:34 Bodkin Arrow
25:10 Heavy Plow
25:19 Husbandry
27:29 Wheelbarrow
30:31 Ballistics
31:54 Leather Archer Armor
31:37 Light Cavalry
34:35 Scale Barding Armor
34:40 Forging
39:36 Chain Barding Armor
47:34 Imperial Age
45:51 Thumb Ring
48:22 Hussar
Connection lost

Rejoining the realm…

Still unreachable

The connection could not be restored.

Session expired

The server has moved on; the page needs a fresh start.